 Dungeon Sprint DCSS version 0.30-a0-996-ga6910c8ee8 (webtiles) character file.

Game seed: 13964611014439007189

56 fozzywoppz the Fighter (level 8, -5/79 HPs)
             Began as a Minotaur Fighter on Apr 5, 2023.
             Was a Priest of Okawaru.
             Slain by a redback (12 damage)
             ... in the Dungeon (Sprint VI: "Thunderdome").
             The game lasted 00:06:34 (473 turns).

fozzywoppz the Fighter (Minotaur Fighter)            Turns: 473, Time: 00:06:35

Health: -5/79      AC:  8    Str: 22    XL:     8   Next: 8%
Magic:  12/12      EV: 10    Int:  5    God:    Okawaru [***...]
Gold:   65         SH:  6    Dex: 11    Spells: 7/7 levels left

rFire   . . .      SeeInvis .    o - +0 broad axe (drain)
rCold   . . .      Faith    .    c - +0 buckler
rNeg    . . .      Spirit   .    b - +0 scale mail
rPois   .          Reflect  .    (helmet restricted)
rElec   .          Rampage  .    (no cloak)
rCorr   .          NoTele   +    (no gloves)
Will    .....                    (no boots) Stlth
                                 (no amulet)
HPRegen 0.33/turn                (no ring)
MPRegen 0.13/turn                (no ring)

@: on berserk cooldown, slowed, very slow
A: horns 2, retaliatory headbutt
a: Renounce Religion, Heroism


You were in the Dungeon.
You worshipped Okawaru.
Okawaru was most pleased with you.
You visited 1 branch You collected 280 gold pieces.
You spent 215 gold pieces at shops.

Inventory:

Hand Weapons
 o - a +0 broad axe of draining (weapon)
Missiles
 f - a boomerang (quivered)
Armour
 b - a +0 scale mail (worn)
 c - a +0 buckler (worn)
Wands
 k - a wand of acid (4)
 l - a wand of roots (5)
Scrolls
 j - 4 scrolls of blinking
 m - 3 scrolls of fog
Potions
 a - a potion of flight {unknown}
 d - a potion of might
 g - 4 potions of haste
 h - 2 potions of magic
 n - a potion of resistance


   Skills:
 + Level 10.2 Fighting
 + Level 9.8 Axes
 + Level 10.2 Armour
 + Level 2.1 Dodging
 - Level 10.0 Shields
 + Level 7.8 Invocations


You had 7 spell levels left.
You didn't know any spells.
Your spell library was empty.

Dungeon Overview and Level Annotations

Branches:
Dungeon (1/1)

Altars:
Cheibriados
Dithmenos
Fedhas
Gozag
Kikubaaqudgha
Makhleb
Okawaru
Qazlal
Ru
Sif Muna
Trog
Uskayaw
Vehumet
Wu Jian
Xom
Yredelemnul
Zin
The Shining One
Lugonu

Shops:
D *[??*?*:[((!!!!


Innate Abilities, Weirdness & Mutations

You have a pair of horns on your head.
You reflexively headbutt those who attack you in melee.


Message History

Your Dodging skill gained 2 levels and is now at level 2!
You have reached level 8!
You feel stronger.
You feel sick.
You feel a strong urge to attack something.
You feel sick.
A redback comes into view.
You feel your anger nearly subside.
You feel sick.
You are no longer berserk.
You are exhausted.
You feel yourself slow down.
You feel sick.
You feel sick.
You feel sick.
You are no longer poisoned.
The redback closely misses you.
You hit the redback.
The redback is lightly wounded.
The redback closely misses you. The redback barely misses you.
The redback closely misses you.
You closely miss the redback.
The redback is lightly wounded.
The redback bites you but does no damage.
The redback closely misses you.
You barely miss the redback.
The redback is lightly wounded.
The redback barely misses you. The redback closely misses you.
The redback bites you!
* * * LOW HITPOINT WARNING * * *
You are lethally poisoned!
The redback poisons you!
You feel better. The redback bites you.
* * * LOW HITPOINT WARNING * * *
The redback bites you.
* * * LOW HITPOINT WARNING * * *
You closely miss the redback.
The redback is lightly wounded.
The redback closely misses you. You block the redback's attack.
The redback bites you!
You die...

###.........### #⌠...........⌠#
######.8[[.......8.######
##.___......###........_∩##
###∩........8.# #.8........∩###
##.............###.............#
#⌠..........###...###..........⌠
#⌠.....[....# #.<.# #..........⌠
#⌠....).....###@..###..........⌠
##....).......s###.............#
###∩........8.# #.8..[.....∩###
##∩___[.....###......___∩##
######.8.........8.######
#⌠.....†.....⌠# ###...†.....###
#_......._# #_......._#


You could see a redback.

Vanquished Creatures
  Pikel (D)
  2 jumping spiders (D)
  Blork the orc (D)
  3 scorpions (D)
  Ijyb (D)
  2 orc wizards (D)
  3 orcs (D)
  A goblin (D)
  3 hobgoblins (D)
17 creatures vanquished.

Notes
Turn   | Place    | Note
-------+----------+-------------------------------------------
     0 | D        | fozzywoppz the Minotaur Fighter began the quest for the
                  | Orb.
     0 | D        | Reached XP level 1. HP: 19/19 MP: 0/0
     2 | D        | Found a blossoming altar of Fedhas.
     3 | D        | Found a stormy altar of Qazlal.
     3 | D        | Found a burning altar of Makhleb.
     4 | D        | Found Nociojal's Distillery.
     4 | D        | Found an opulent altar of Gozag.
     4 | D        | Found a shimmering altar of Xom.
     4 | D        | Found Juloloruvu's Do-It-Yourself Clinic.
     5 | D        | Found Buos's Distillery.
     5 | D        | Found Waurosog's Bottled Wisdom.
     5 | D        | Round 1.
     9 | D        | Found an ornate altar of the Wu Jian Council.
    10 | D        | Found a basalt altar of Yredelemnul.
    11 | D        | Found a glowing golden altar of the Shining One.
    12 | D        | Found Wadunune's Weapon Rack.
    13 | D        | Found a radiant altar of Vehumet.
    13 | D        | Found a snail-covered altar of Cheibriados.
    13 | D        | Found a shimmering blue altar of Sif Muna.
    13 | D        | Found Tubrau's Premium Goods.
    13 | D        | Found Taebaux's Basic Armour.
    13 | D        | Found Zyxokij's Miscellaneous Merchandise.
    17 | D        | Found an ancient bone altar of Kikubaaqudgha.
    18 | D        | Found a sacrificial altar of Ru.
    19 | D        | Found a hide-covered altar of Uskayaw.
    20 | D        | Found Meipos Xixao's Identification Station.
    21 | D        | Found Byigh's Advanced Armour.
    21 | D        | Found Ofomij's Jewellery.
    21 | D        | Found a shadowy altar of Dithmenos.
    21 | D        | Found a bloodstained altar of Trog.
    21 | D        | Found a corrupted altar of Lugonu.
    32 | D        | Found an iron altar of Okawaru.
    34 | D        | Found a glowing silver altar of Zin.
    35 | D        | Found Ikepooni's Magic Scroll Shop.
    36 | D        | Found Imisch's Magic Scroll Shop.
    36 | D        | Found Maotan's Must-Have Magic.
    37 | D        | Found Rekeng's Staff Store.
    40 | D        | Became a worshipper of Warmaster Okawaru
    69 | D        | Noticed Ijyb
    85 | D        | Killed Ijyb
    86 | D        | Reached skill level 5 in Shields
    86 | D        | Reached XP level 2. HP: 23/28 MP: 0/2
    99 | D        | Bought a +0 broad axe for 120 gold pieces
   105 | D        | Noticed Pikel
   107 | D        | Reached XP level 3. HP: 32/35 MP: 1/3
   118 | D        | Killed Pikel
   118 | D        | Reached * piety under Okawaru
   118 | D        | Reached ** piety under Okawaru
   118 | D        | Arena points: 14 (+14) [x2]
   119 | D        | Reached XP level 4. HP: 24/49 MP: 3/7
   119 | D        | Reached XP level 5. HP: 28/56 MP: 3/8
   119 | D        | Reached XP level 6. HP: 31/62 MP: 3/9
   166 | D        | Round 2.
   192 | D        | Bought a scroll of brand weapon for 95 gold pieces
   195 | D        | Noticed Blork the orc
   204 | D        | Killed Blork the orc
   205 | D        | Reached XP level 7. HP: 43/69 MP: 10/10
   292 | D        | Arena points: 56 (+42) [x3]
   353 | D        | Round 3.
   363 | D        | Reached *** piety under Okawaru
   402 | D        | Noticed a jumping spider
   410 | D        | Killed a jumping spider
   410 | D        | Received a gift from Okawaru
   439 | D        | Reached skill level 10 in Shields
   451 | D        | Noticed a jumping spider
   460 | D        | Reached skill level 10 in Fighting
   460 | D        | Reached skill level 10 in Armour
   461 | D        | Killed a jumping spider
   462 | D        | Reached XP level 8. HP: 23/79 MP: 12/12
   473 | D        | Slain by a redback

Illustrated notes

Levels and vault maps discovered:
D:        arena_sprint

Skill      XL: |  1  2  3  4  5  6  7 |
---------------+----------------------+-----
Shields        | 5 8 9 10 | 10.0
Fighting       | 4 8 10 | 10.2
Axes           | 3 8 9 |  9.8
Armour         | 4 8 10 | 10.2
Invocations    | 2 6 7 |  7.8
Dodging        | 2 |  2.1

Action                     |  1- 3 |  4- 6 |  7- 9 || total
---------------------------+-------+-------+-------++-------
  Melee: War axe           |    18 |       |       ||    18
         Headbutt          |     6 |     1 |     6 ||    13
         Broad axe         |    10 |     5 |    28 ||    43
  Evoke: Wand              |       |     1 |     1 ||     2
    Use: Potion            |     4 |       |     2 ||     6
         Scroll            |       |     1 |       ||     1
 Armour: Scale mail        |     8 |       |    19 ||    27
  Dodge: Dodged            |     9 |     1 |    22 ||    32
  Block: Buckler           |     5 |       |    13 ||    18

Table legend: (Time is in decaauts)
 A = Elapsed time spent in this place.
 B = Non-inter-level travel time spent in this place.
 C = Inter-level travel time spent in this place.
 D = Time resting spent in this place.
 E = Time spent auto-exploring this place.
 F = Levels seen in this place.
 G = Mean time per level.
                   A        B        C        D        E       F      G
               +--------+--------+--------+--------+--------+-----+--------+
         Total |    490 |    490 |      0 |    124 |      0 |   1 |  490.0 |
       Dungeon |    490 |    490 |      0 |    124 |      0 |   1 |  490.0 |
               +--------+--------+--------+--------+--------+-----+--------+

Top non-repeatable levels by time:
       D: 490 daAuts
